 Dungeon Crawl Stone Soup version 0.26-a0-663-g36e8fdb655 (webtiles) character file.

Game seed: 2334758233138990674

62 Descartes the Sneak (level 3, -10/15 HPs)
             Began as a Felid Wanderer on Oct 11, 2020.
             Killed by divine providence
             ... invoked by an orc priest
              (14 damage)
             ... on level 3 of the Dungeon.
             The game lasted 00:04:32 (2504 turns).

Descartes the Sneak (Felid Wanderer)                Turns: 2504, Time: 00:04:33

Health: -10/15     AC:  1    Str:  9    XL:     3   Next: 85%
Magic:  4/4        EV: 18    Int: 14    God:
Gold:   55         SH:  0    Dex: 14    Spells: 2/2 levels left
                                        Lives:  0   Deaths: 1

rFire    . . .     SeeInvis +     - Unarmed
rCold    . . .     Faith    .   (shield unavailable)
rNeg     . . .     Spirit   .   (armour unavailable)
rPois    .         Reflect  .   (helmet unavailable)
rElec    .         Harm     .   (cloak unavailable)
rCorr    .         Rampage  .   (gloves unavailable)
MR       .....                  (boots unavailable)
Stlth    +++++.....             f - amulet of magic regeneration
HPRegen  0.05/turn              i - ring of stealth
MPRegen  0.34/turn              (no ring)

@: lethally poisoned (-10 -> -11), quick
A: very small, no armour, no weapons or thrown items, stealth, claws 1, fangs 3,
see invisible, speed 1, shaggy fur 1, sharp paws
a: no special abilities


You were on level 3 of the Dungeon.
You visited 1 branch of the dungeon, and saw 3 of its levels.

You collected 55 gold pieces.

Inventory:

Missiles
 l - 167 stones
Jewellery
 f - an amulet of magic regeneration (around neck)
 i - a ring of stealth (left paw)
Wands
 u - a wand of iceblast (9)
Scrolls
 a - 2 scrolls of fear
 k - 2 scrolls of identify
 n - a scroll of immolation
 t - a scroll of enchant weapon
 v - a scroll of teleportation {unknown}
Potions
 b - a potion of haste
 c - a potion of curing
 d - a potion of stabbing {unknown}
 g - a potion of heal wounds {unknown}
 j - 2 potions of degeneration
 o - a potion of magic {unknown}
 q - 2 potions of berserk rage {unknown}
 r - a potion of invisibility {unknown}
 s - a potion of cancellation {unknown}


   Skills:
 - Level 1.0 Fighting
 + Level 3.5 Dodging
 + Level 6.3 Stealth
 - Level 6.0 Unarmed Combat


You had 2 spell levels left.
You didn't know any spells.
Your spell library was empty.

Dungeon Overview and Level Annotations

Branches:
Dungeon (3/15)

Altars:


Innate Abilities, Weirdness & Mutations

You cannot wear armour.
You are incapable of wielding weapons or throwing items.
Your paws allow you to move quietly. (Stealth)
You have sharp claws.
You have razor-sharp teeth.
You have supernaturally acute eyesight. (SInv)
You cover ground quickly.
You are covered in fur. (AC +1)
Your sharp claws are effective at attacking unaware monsters.


Message History

An orc priest comes into view. It is wielding a +0 flail.
An orc comes into view. It is wielding a -1 mace.
You feel sick.
Found a mace.
The orc shouts!
The orc priest shouts!
The orc priest drinks a potion.
The orc priest seems to speed up.
You feel sick. The orc priest completely misses you. The orc barely misses you.
You scratch the orc priest.
The orc priest is lightly wounded.
The orc priest casts a cantrip, but nothing happens.
The quokka closely misses you. The orc closely misses you.
You claw the orc priest!
The orc priest is severely wounded.
The orc priest hits you with a +0 flail!
* * * LOW HITPOINT WARNING * * *
The quokka misses you.
The orc priest calls down the wrath of Beogh upon you.
Beogh smites you!
Ouch! That really hurt!
You die...

*,**##.#####*≈*,*
#,###..<...#*≈*,*
#.#........#*≈*,*
..#.#.......#≈*,* ********
........#..##≈*###*,,,,,,********
###.#..##..##≈*#..,,,***,,,,,,,,,
#.#.###..##.##.#*,** *********, *
#........##..oo#*** *, *
##..K#####***#@# *, * #...# #r#
*, * #...# #.#######****** *, *
#...# #.....)..,,,,,* **
####..(###### #.#.#####,,,,,* **
.......K....# #...# *,,,,,***,
.....(......# #.#.# *,,,,,**,,
............# #.#.# *,,,,,**,,
###.....###.####.#.####*,,,,,**,*


You could see an orc priest (fast), an orc and a quokka.

Vanquished Creatures
  A scorpion (D:2)
  2 adders (D:2)
  3 oozes
  2 worms
  2 dart slugs (D:1)
  A leopard gecko (D:1)
  2 orcs (D:3)
  A giant cockroach (D:2)
  3 goblins
  A hobgoblin (D:1)
  2 jackals (D:2)
  3 kobolds
  A ball python (D:1)
  8 bats
  3 frilled lizards (D:2)
  2 rats (D:2)
37 creatures vanquished.

Notes
Turn   | Place    | Note
-------+----------+-------------------------------------------
     0 | D:1      | Descartes the Felid Wanderer began the quest for the Orb.
     0 | D:1      | Descartes set off with the following items: a scroll of
                  | fear, a potion of haste, 2 potions of curing
     0 | D:1      | Reached XP level 1. HP: 9/9 MP: 2/2
   146 | D:1      | Reached XP level 2. HP: 12/12 MP: 3/3
  1050 | D:2      | Reached skill level 5 in Stealth
  1050 | D:2      | Reached XP level 3. HP: 12/15 MP: 4/4
  1539 | D:2      | Noticed a scorpion
  2073 | D:2      | Killed a scorpion
  2073 | D:2      | Reached XP level 4. HP: 2/19 MP: 5/5
  2474 | D:3      | Slain by an adder
  2475 | D:3      | Reached XP level 3. HP: -1/15 MP: 4/4
  2504 | D:3      | Killed from afar by an orc priest

Illustrated notes

Levels and vault maps discovered:
D:1:      lightli_arrival_statuegarden, layout_basic,
          minmay_large_rounded_square
D:2:      minmay_general_purpose_star, layout_basic
D:3:      layout_loops_cross, portal_sewer_entry_d

Skill      XL: |  1  2  3 |
---------------+----------+-----
Stealth        | 4 5 6 |  6.3
Dodging        | 3 |  3.5
Fighting       | |  1.0
Unarmed Combat | |  6.0

Action                   |  1- 3 |  4- 6 || total
-------------------------+-------+-------++-------
Melee: Unarmed           |    70 |    18 ||    88
       Punch             |     1 |       ||     1
       Bite              |     4 |     1 ||     5
  Use: Scroll            |       |     7 ||     7
       Potion            |       |     2 ||     2
 Stab: Sleeping          |    11 |     1 ||    12
Armor: Skin              |     2 |     5 ||     7
Dodge: Dodged            |    45 |    16 ||    61

Table legend: (Time is in decaauts)
 A = Elapsed time spent in this place.
 B = Non-inter-level travel time spent in this place.
 C = Inter-level travel time spent in this place.
 D = Time resting spent in this place.
 E = Time spent auto-exploring this place.
 F = Levels seen in this place.
 G = Mean time per level.
                   A        B        C        D        E       F      G
               +--------+--------+--------+--------+--------+-----+--------+
         Total |   2201 |   2130 |     71 |    443 |   1392 |   3 |  733.7 |
       Dungeon |   2201 |   2130 |     71 |    443 |   1392 |   3 |  733.7 |
               +--------+--------+--------+--------+--------+-----+--------+

Top non-repeatable levels by time:
     D:2: 1340 daAuts
     D:1: 780 daAuts
     D:3: 80 daAuts
